 Dungeon Crawl Stone Soup version 0.27-a0-1502-g47ed6a6988 (webtiles) character file.

Game seed: 6782849035156419388

9061 Sobieck the Fighter (level 11, -6/184 HPs)
             Began as an Ogre Berserker on July 8, 2021.
             Was an Elder of Trog.
             Mangled by Snorg (15 damage)
             ... on level 10 of the Dungeon.
             The game lasted 00:23:06 (12150 turns).

Sobieck the Fighter (Ogre Berserker)               Turns: 12150, Time: 00:23:07

Health: -6/184     AC:  6    Str: 33    XL:     11   Next: 40%
Magic:  11/11      EV: 13    Int:  8    God:    Trog [****..]
Gold:   1169       SH:  0    Dex: 14    Spells: 10/10 levels left

rFire    . . .     SeeInvis .   a - +3 giant club "Skullcrusher" {speed, Str+7, mace}
rCold    + . .     Faith    .   (shield currently unavailable)
rNeg     . . .     Spirit   .   E - +2 robe {Will+}
rPois    .         Reflect  .   (helmet restricted)
rElec    .         Harm     .   i - +0 cloak
rCorr    .         Rampage  .   (gloves unavailable)
Will     ++++.                  (boots unavailable)
Stlth    ..........             (no amulet)
HPRegen  1.40/turn              t - +6 ring of dexterity
MPRegen  0.12/turn              z - ring of protection from cold

@: berserking (expiring), strong-willed, regenerating, slowed, studying Throwing
A: large, unfitting armour, tough skin 1
a: Renounce Religion, Berserk, Trog's Hand, Brothers in Arms


You were on level 10 of the Dungeon.
You worshipped Trog.
Trog was greatly pleased with you.
You visited 1 branch of the dungeon, and saw 11 of its levels.

You collected 1169 gold pieces.


Innate Abilities, Weirdness & Mutations

You are too large for most types of armour.
You have tough skin. (AC +1)


   Skills:
 + Level 12.1 Fighting
 * Level 11.0 Maces & Flails
 + Level 3.3 Throwing
 + Level 8.7 Dodging


You had 10 spell levels left.
You didn't know any spells.
Your spell library contained the following spells:

 Spells                   Type           Power      Damage    Failure   Level
 Animate Skeleton         Necr           0%         N/A       41%         1
 Apportation              Tloc           0%         N/A       41%         1
 Corona                   Hex            0%         N/A       41%         1
 Summon Small Mammal      Summ           0%         N/A       41%         1
 Ensorcelled Hibernation  Hex/Ice        0%         N/A       54%         2
 Frozen Ramparts          Ice            0%         1d2       78%         3
 Gell's Gravitas          Tloc           0%         N/A       78%         3
 Lesser Beckoning         Tloc           0%         N/A       78%         3
 Portal Projectile        Hex/Tloc       0%         N/A       78%         3
 Spider Form              Tmut/Pois      0%         N/A       78%         3
 Summon Guardian Golem    Hex/Summ       0%         N/A       78%         3
 Teleport Other           Tloc           0%         N/A       78%         3
 Ice Form                 Ice/Tmut       0%         N/A       99%         4
 Summon Ice Beast         Ice/Summ       0%         N/A       99%         4
 Blade Hands              Tmut           0%         N/A       100%        5
 Excruciating Wounds      Necr           0%         N/A       100%        5
 Shadow Creatures         Summ           N/A        N/A       100%        6
 Orb of Destruction       Conj           0%         N/A       100%        7
 Spellforged Servitor     Conj/Summ      0%         N/A       100%        7

Inventory:

Hand Weapons
 a - the +3 giant club "Skullcrusher" (weapon) {speed, Str+7, mace}
   (You found it on level 6 of the Dungeon)

   Attacks with this weapon are significantly faster.
   Str:       It affects your strength (+7).
 b - a +3 vorpal hunting sling {sling}
   (You found it on level 1 of the Dungeon)
 G - a +1 giant spiked club {mace}
   (You took it off an ogre on level 6 of the Dungeon)
Missiles
 d - 228 stones {throwing}
 h - 102 arrows
 n - a throwing net {=f!fthrowing}
 p - 24 boomerangs {throwing}
 v - 65 poisoned darts {throwing}
 C - 112 bolts
 I - 55 sling bullets
 K - 10 boomerangs of dispersal {=f!fthrowing}
 Q - 4 large rocks (quivered) {=fthrowing}
Armour
 i - a +0 cloak (worn)
   (You found it on level 1 of the Dungeon)
 l - a +0 animal skin
 E - a +2 robe of willpower (worn)
   (You took it off Erica on level 10 of the Dungeon)
 F - a +2 robe of fire resistance
   (You took it off Dowan on level 5 of the Dungeon)
Magical Staves
 f - a staff of fire {forbidden!astaff}
   (You found it on level 1 of the Dungeon)
Jewellery
 t - a +6 ring of dexterity (left hand)
   (You found it on level 2 of the Dungeon)
 z - a ring of protection from cold (right hand)
   (You found it on level 5 of the Dungeon)
Wands
 q - a wand of paralysis (10)
   (You found it on level 10 of the Dungeon)
 A - a wand of charming (26)
   (You took it off Ijyb on level 5 of the Dungeon)
 P - a wand of acid (9)
   (You found it on level 9 of the Dungeon)
 R - a wand of mindburst (13)
   (You found it on level 9 of the Dungeon)
Scrolls
 e - a scroll of magic mapping {!r}
 g - 4 scrolls of teleportation {@r4}
 m - a scroll of enchant armour {unknown}
 w - a scroll of immolation {!r!r}
 x - 3 scrolls of vulnerability {!r!r}
 y - a scroll of blinking {!r}
Potions
 c - 4 potions of curing {@q1}
 j - a potion of degeneration {!q@e2}
 k - a potion of magic
 o - a potion of cancellation
 r - a potion of invisibility
 s - 3 potions of lignification {!q}
 u - 6 potions of flight
 B - 3 potions of brilliance
 D - 2 potions of might
 J - 3 potions of haste {@q3}
 M - a potion of mutation {!q}
 O - a potion of ambrosia

Dungeon Overview and Level Annotations

Branches:
Dungeon (11/15)            Temple (0/1) D:4             Orc (0/2) D:10
   Lair: D:8-11

Altars:
Gozag
Makhleb
Nemelex Xobeh
Xom

Annotations:
D:5 1 runed translucent door, Crazy Yiuf
D:10 Snorg
D:11 Sonja

.....#.....#...#..............#..
.##..#.....#####..............#+#
.##..#####........#############.#
.........#........#..............
.........#........#..............
.........#........#..............
.........#........+..............
.........#.....T..#<.............
.........#......@.#..............
###......#........#.##'####...###
.############+########.####...###
.........# #....#....#..
.........# #....#....#..
.........# #....#....#..
########## #############


You could see Snorg (berserk).


Message History

You feel less resistant to fire.
You start putting on your armour.
You continue putting on your +2 robe of willpower. x5
You finish putting on your +2 robe of willpower.
You feel strong-willed.
Unknown command.
There is a stone staircase leading down, spattered with blood here.
You climb downwards.
Level annotation: Snorg, Sonja A yak comes into view.
The yak bellows!
You hear a bellow!
Sonja throws a curare-tipped dart.
The curare-tipped dart closely misses you.
There is a stone staircase leading up here.
Sonja mumbles some strange words.
Sonja blinks!
Sonja throws a curare-tipped dart.
The curare-tipped dart hits you.
You are poisoned.
You have difficulty breathing.
You feel yourself slow down. 😕 HP[-8]
You take 8 damage, and now have 115/123 hp.
You feel extremely sick.
Sonja throws a curare-tipped dart.
The curare-tipped dart hits you.
You are more poisoned.
You have difficulty breathing.
You feel as though you will be slow longer.
Snorg closely misses you. Snorg claws you but does no damage.
Snorg barely misses you.
A yak comes into view. x2 😕 HP[-17]
You take 17 damage, and now have 98/123 hp.
You feel extremely sick. Snorg bites you but does no damage. Snorg claws you.
Snorg barely misses you. The yak closely misses you.
You climb upwards.
You feel extremely sick.
There is a stone staircase leading down, spattered with blood here. 😮 HP[-17]
You take 17 damage, and now have 81/123 hp.
Unknown command.
You feel better. Snorg bites you! Snorg misses you. Snorg barely misses you.
Snorg bites you! Snorg claws you but does no damage.
Snorg completely misses you. 😮 HP[-8]
You take 8 damage, and now have 73/123 hp.
Your skin crawls.
You feel strong-willed. Trog will no longer gift you weapons. Snorg bites you.
Snorg claws you. Snorg barely misses you. 😮 HP[-4]
You take 4 damage, and now have 69/123 hp.
A red film seems to cover your vision as you go berserk!
You feel yourself moving faster!
You feel mighty! Snorg misses you. Snorg claws you! Snorg claws you.
* * * LOW HITPOINT WARNING * * *
Snorg bites you!
* * * LOW HITPOINT WARNING * * *
Snorg claws you!
* * * LOW HITPOINT WARNING * * *
Snorg claws you!
* * * LOW HITPOINT WARNING * * *
😨 HP[-8]
You now have 184 max hp (+61).
You bludgeon Snorg!! Snorg bites you.
* * * LOW HITPOINT WARNING * * *
Snorg misses you. Snorg closely misses you. 😨 HP[-1]
You take 1 damage, and now have 60/184 hp.
You barely miss Snorg. 😨 HP[+1]
You barely miss Snorg.
Snorg goes berserk! 😨 HP[+1]
You closely miss Snorg. Snorg barely misses you. Snorg claws you!!
* * * LOW HITPOINT WARNING * * *
Snorg claws you!
* * * LOW HITPOINT WARNING * * *
😱 HP[-33]
You take 33 damage, and now have 29/184 hp.
You bludgeon Snorg!! Snorg bites you.
* * * LOW HITPOINT WARNING * * *
Snorg claws you but does no damage. x2
Unknown command.
You barely miss Snorg. Snorg closely misses you. Snorg claws you.
* * * LOW HITPOINT WARNING * * *
Snorg barely misses you. 😱 HP[-2]
You take 2 damage, and now have 27/184 hp.
Unknown command.
You closely miss Snorg. Snorg bites you!
* * * LOW HITPOINT WARNING * * *
Snorg misses you. Snorg claws you!
* * * LOW HITPOINT WARNING * * *
😱 HP[-19]
You take 19 damage, and now have 8/184 hp.
Unknown command.
You flatten Snorg like a pancake!!! Snorg bites you but does no damage.
Snorg claws you!
You die...

Skill      XL: |  1  2  3  4  5  6  7  8  9 10 11 |
---------------+----------------------------------+-----
Maces & Flails | 3 4 5 7 8 10 11 | 11.0
Dodging        | 3 4 5 6 7 8 |  8.7
Fighting       | 5 6 7 8 10 11 12 | 12.1
Throwing       | 3 |  3.3

Action                   |  1- 3 |  4- 6 |  7- 9 | 10-12 || total
-------------------------+-------+-------+-------+-------++-------
Melee: Mace              |    61 |       |       |       ||    61
       Flail             |     6 |    49 |    26 |       ||    81
       Giant club        |       |       |   113 |   281 ||   394
 Fire: Hunting sling     |     5 |    58 |   101 |    65 ||   229
Invok: Berserk           |     3 |     3 |     7 |     7 ||    20
       Trog's Hand       |       |     2 |     1 |     2 ||     5
       Brothers in Arms  |       |       |       |     1 ||     1
  Use: Potion            |       |       |       |     2 ||     2
       Scroll            |       |       |       |    25 ||    25
Armor: Animal skin       |    25 |     9 |    30 |    13 ||    77
       Robe              |       |       |       |    32 ||    32
Dodge: Dodged            |    48 |    32 |    54 |   161 ||   295

Levels and vault maps discovered:
D:1:      onia_arrival_mini_maze_b, layout_basic, patterned_corridor
D:2:      layout_basic, shapermc_ecumenical_altar_notcrosses, uniq_sigmund
D:3:      layout_rooms
D:4:      layout_gridville, grunt_gozag_breadcrumbs, minmay_temple_entry_trees,
          kennysheep_generic_room_8
D:5:      layout_loops_ring, kennysheep_cluttered_room, uniq_grinder,
          uniq_prince_ribbit1, uniq_ijyb, uniq_crazy_yiuf_cottage, uniq_duvessa
D:6:      layout_rooms, jmf_multi_god_temple2, minmay_splitting_lines,
          st_stairs_9
D:7:      layout_loops_ring, makhleb_grotto_becter, serial_glass,
          glass_columns_c, glass_columns_a, glass_columns_a, st_stairs_1,
          uniq_joseph
D:8:      layout_loops_ring, uniq_grum
D:9:      layout_basic, nrook_campfire, chequers_serial_rivers_marsh,
          chequers_serial_rivers_micro_c
D:10:     layout_gridville, zombieorc2_lemuel
D:11:     layout_rooms, erik_lair_dragon, uniq_sonja, uniq_erica, uniq_snorg

Notes
Turn   | Place    | Note
-------+----------+-------------------------------------------
     0 | D:1      | Sobieck the Ogre Berserker began the quest for the Orb.
     0 | D:1      | Reached XP level 1. HP: 24/24 MP: 1/1
     0 | D:1      | magus.rc [v1.9.6]
   110 | D:1      | Reached XP level 2. HP: 32/32 MP: 2/2
   137 | D:1      | Reached skill level 3 in Maces & Flails
   229 | D:1      | Reached skill level 3 in Dodging
   540 | D:1      | Reached XP level 3. HP: 40/40 MP: 3/3
  1219 | D:2      | Reached XP level 4. HP: 41/49 MP: 4/4
  1244 | D:2      | Reached skill level 5 in Fighting
  1307 | D:2      | Reached ** piety under Trog
  1559 | D:2      | Noticed Sigmund
  1571 | D:2      | Killed Sigmund
  1572 | D:2      | Reached skill level 4 in Maces & Flails
  1572 | D:2      | Reached skill level 4 in Dodging
  1572 | D:2      | Reached XP level 5. HP: 59/59 MP: 5/5
  1572 | D:2      | Reached XP level 6. HP: 67/67 MP: 6/6
  1715 | D:2      | Reached skill level 6 in Fighting
  1807 | D:2      | Found a faded altar of an unknown god.
  1824 | D:2      | You pick up a book of Dangerous Friends {forbidden} and
                  | begin reading...
  1824 | D:2      | You add the spells Summon Guardian Golem, Orb of
                  | Destruction and Spellforged Servitor to your library.
  1830 | D:2      | You pick up a book of Weapons {forbidden} and begin
                  | reading...
  1830 | D:2      | You add the spells Portal Projectile, Excruciating Wounds
                  | and Blade Hands to your library.
  1960 | D:5      | Entered Level 5 of the Dungeon
  2667 | D:4      | You pick up a book of Displacement {forbidden} and begin
                  | reading...
  2667 | D:4      | You add the spells Lesser Beckoning, Gell's Gravitas and
                  | Teleport Other to your library.
  2873 | D:4      | You pick up a book of Dreams {forbidden} and begin
                  | reading...
  2873 | D:4      | You add the spells Ensorcelled Hibernation, Spider Form and
                  | Shadow Creatures to your library.
  2925 | D:4      | Identified the +6 short sword "Zeariamo" {distort, rElec
                  | rPois rF- rC++}
  2996 | D:5      | Noticed Ijyb
  3002 | D:5      | Killed Ijyb
  3003 | D:5      | Reached XP level 7. HP: 76/76 MP: 7/7
  3191 | D:4      | Found an opulent altar of Gozag.
  3226 | D:4      | Found a staircase to the Ecumenical Temple.
  3899 | D:5      | Reached *** piety under Trog
  3900 | D:5      | Reached skill level 7 in Fighting
  3904 | D:5      | Noticed Prince Ribbit
  3917 | D:5      | Killed Prince Ribbit
  3918 | D:5      | Reached skill level 5 in Maces & Flails
  3918 | D:5      | Reached skill level 5 in Dodging
  4036 | D:5      | Found a runed translucent door.
  4037 | D:5      | Noticed Crazy Yiuf
  4120 | D:6      | Found the +3 giant club "Skullcrusher" {speed, Str+7}
  4130 | D:6      | Reached XP level 8. HP: 88/88 MP: 8/8
  4329 | D:5      | Reached skill level 8 in Fighting
  4400 | D:5      | Noticed Grinder
  4408 | D:5      | Killed Grinder
  4409 | D:5      | Reached skill level 6 in Maces & Flails
  4869 | D:5      | Noticed Dowan
  4873 | D:5      | Noticed Duvessa
  4884 | D:5      | Killed Dowan
  4899 | D:5      | Killed Duvessa
  4900 | D:5      | Reached skill level 6 in Dodging
  5450 | D:6      | Reached skill level 7 in Maces & Flails
  5450 | D:6      | Reached XP level 9. HP: 90/97 MP: 9/9
  5492 | D:6      | Reached skill level 9 in Fighting
  6187 | D:6      | Found a large runed translucent door.
  6188 | D:6      | Found a large runed translucent door.
  6389 | D:6      | Found a shimmering altar of Xom.
  6470 | D:6      | Found a sparkling altar of Nemelex Xobeh.
  6569 | D:7      | Noticed Joseph
  6579 | D:7      | Killed Joseph
  6580 | D:7      | Reached skill level 8 in Maces & Flails
  6815 | D:7      | Reached skill level 10 in Fighting
  6968 | D:8      | Reached **** piety under Trog
  6969 | D:8      | Reached skill level 7 in Dodging
  7239 | D:7      | Found a burning altar of Makhleb.
  7387 | D:7      | Reached XP level 10. HP: 108/110 MP: 10/10
  7448 | D:7      | You pick up a book of Cantrips {forbidden} and begin
                  | reading...
  7448 | D:7      | You add the spells Corona, Animate Skeleton, Summon Small
                  | Mammal and Apportation to your library.
  7900 | D:8      | Reached skill level 9 in Maces & Flails
  8299 | D:8      | Reached ***** piety under Trog
  8557 | D:8      | Reached skill level 11 in Fighting
  8582 | D:8      | You pick up a book of Rime {forbidden} and begin reading...
  8582 | D:8      | You add the spells Frozen Ramparts, Ice Form and Summon Ice
                  | Beast to your library.
  9110 | D:8      | Noticed Grum
  9115 | D:8      | Reached skill level 10 in Maces & Flails
  9116 | D:8      | Received a gift from Trog
  9117 | D:8      | Reached skill level 8 in Dodging
  9119 | D:8      | Killed Grum
  9321 | D:10     | Entered Level 10 of the Dungeon
  9416 | D:9      | HP: 40/171 [killer bee (8)]
  9421 | D:9      | HP: 28/171 [poisoned by a killer bee]
  9427 | D:9      | HP: 29/171 [poisoned by a killer bee]
  9432 | D:9      | HP: 18/114 [poisoned by a killer bee]
  9437 | D:9      | Noticed a cyclops
  9763 | D:9      | Killed a cyclops
 10187 | D:9      | Reached XP level 11. HP: 123/123 MP: 11/11
 10196 | D:9      | Reached skill level 1 in Throwing
 10573 | D:8      | Identified 2 scrolls of acquirement
 10577 | D:8      | Acquired a manual of Throwing
 10578 | D:8      | Acquired 638 gold pieces
 11140 | D:10     | Reached skill level 2 in Throwing
 11309 | D:10     | Found a staircase to the Orcish Mines.
 11578 | D:10     | Reached skill level 12 in Fighting
 11979 | D:11     | Noticed Erica
 11979 | D:11     | Noticed Sonja
 11981 | D:11     | Noticed Snorg
 11990 | D:10     | Killed Erica
 11991 | D:10     | Reached skill level 11 in Maces & Flails
 11991 | D:10     | Reached skill level 3 in Throwing
 12146 | D:10     | HP: 44/184 [Snorg (19)]
 12149 | D:10     | HP: 18/184 [Snorg (10)]
 12149 | D:10     | HP: 8/184 [Snorg (10)]
 12150 | D:10     | Mangled by Snorg

Vanquished Creatures
  Erica (D:10)
  A cyclops (D:9)
  Joseph (D:7)
  Grinder (D:5)
  Prince Ribbit (D:5)
  Sigmund (D:2)
  A shadow (D:10)
  A wyvern (D:8)
  12 yaks
  Grum (D:8)
  3 acid dragons
  3 two-headed ogre zombies (D:10)
  Duvessa (D:5)
  2 orc warriors
  3 sky beasts
  2 black bears (D:6)
  An ice beast (D:6)
  3 ogres
  2 wolves (D:8)
  A necrophage (D:6)
  2 centaurs
  A phantom (D:10)
  2 kobold brigands
  2 bullfrogs
  A scorpion (D:3)
  A wyvern zombie (D:7)
  2 gnoll sergeants
  Dowan (D:5)
  11 killer bees (D:9)
  4 howler monkeys (D:9)
  9 wights
  A crimson imp (D:7)
  4 centaur zombies
  6 hounds
  A jelly (D:6)
  3 orc priests
  A bullfrog skeleton (D:6)
  A centaur skeleton (D:6)
  2 iguanas (D:6)
  Ijyb (D:5)
  8 orc wizards
  5 ogre zombies (D:10)
  2 howler monkey zombies
  15 gnolls
  A howler monkey skeleton (D:5)
  4 adders
  A shadow imp (D:6)
  3 white imps
  An ufetubus (D:6)
  An adder zombie (D:5)
  2 worms
  2 dart slugs (D:4)
  34 orcs
  12 ball pythons
  3 bats (D:1)
  3 endoplasms (D:1)
  A giant cockroach (D:3)
  4 goblins
  5 hobgoblins
  2 jackals (D:2)
  2 quokkas
  4 frilled lizards
  A goblin zombie (D:10)
  A hobgoblin skeleton (D:10)
  3 hobgoblin zombies (D:10)
  18 kobolds
  3 orc skeletons (D:10)
  17 orc zombies (D:10)
  6 rats
262 creatures vanquished.

Vanquished Creatures (collateral kills)
  A killer bee (D:9)
1 creature vanquished.

Grand Total: 263 creatures vanquished

Table legend:
 A = Non-vault XP
 B = Vault XP
 C = Vault XP percentage of total XP
 D = Non-vault monster count
 E = Vault monster count
 F = Vault count percentage of total count
                 A         B        C        D         E       F
            +---------+---------+-------+---------+---------+-------
      Total |    8697 |    4248 |  32.8 |     208 |      55 |  20.9
            +---------+---------+-------+---------+---------+-------
        D:1 |      67 |       5 |   6.9 |      26 |       1 |   3.7
        D:2 |      48 |     227 |  82.5 |      14 |       1 |   6.7
        D:3 |     206 |       0 |   0.0 |      23 |       0 |   0.0
        D:4 |     115 |       0 |   0.0 |      11 |       0 |   0.0
        D:5 |     474 |     795 |  62.6 |      13 |       5 |  27.8
        D:6 |    1127 |     186 |  14.2 |      27 |       4 |  12.9
        D:7 |     743 |     716 |  49.1 |      15 |       4 |  21.1
        D:8 |    2646 |     412 |  13.5 |      47 |       3 |   6.0
        D:9 |    2949 |       0 |   0.0 |      28 |       0 |   0.0
       D:10 |     322 |    1907 |  85.6 |       4 |      37 |  90.2
            +---------+---------+-------+---------+---------+-------

Illustrated notes

Table legend:
 A = Kills in this place as a percentage of kills in entire the game.
 B = Kills by you in this place as a percentage of kills by you in the entire game.
 C = Kills by friends in this place as a percentage of kills by friends in the entire game.
 D = Other kills in this place as a percentage of other kills in the entire game.
 E = Experience gained in this place as a percentage of experience gained in the entire game.
 F = Experience gained in this place divided by the number of levels of this place that you have seen.
                   A       B       C       D       E      F
               +-------+-------+-------+-------+-------+----------------------
         Total | 100.0 | 100.0 | 100.0 |   N/A | 100.0 | 1176.8
       Dungeon | 100.0 | 100.0 | 100.0 |   N/A | 100.0 | 1176.8
               +-------+-------+-------+-------+-------+----------------------

Table legend: (Time is in decaauts)
 A = Elapsed time spent in this place.
 B = Non-inter-level travel time spent in this place.
 C = Inter-level travel time spent in this place.
 D = Time resting spent in this place.
 E = Time spent auto-exploring this place.
 F = Levels seen in this place.
 G = Mean time per level.
                   A        B        C        D        E       F      G
               +--------+--------+--------+--------+--------+-----+--------+
         Total |  12279 |  11633 |    646 |   3052 |   6790 |  11 | 1116.3 |
       Dungeon |  12279 |  11633 |    646 |   3052 |   6790 |  11 | 1116.3 |
               +--------+--------+--------+--------+--------+-----+--------+

Top non-repeatable levels by time:
     D:8: 1633 daAuts
     D:5: 1578 daAuts
     D:6: 1458 daAuts
    D:10: 1427 daAuts
     D:9: 1270 daAuts
     D:1: 1229 daAuts
     D:7: 1195 daAuts
     D:4: 1075 daAuts
     D:2: 714 daAuts
     D:3: 682 daAuts
    D:11: 14 daAuts
